 Dungeon Crawl Stone Soup version 0.29.1 (webtiles) character file.

Game seed: 17957268111876746872

23 ILmort the Trooper (level 2, -4/24 HPs)
             Began as a Demonspawn Fighter on Sept 14, 2022.
             Slain by a gnoll
             ... wielding a +0 halberd
              (5 damage)
             ... on level 2 of the Dungeon.
             The game lasted 00:02:02 (1190 turns).

ILmort the Trooper (Demonspawn Fighter)             Turns: 1190, Time: 00:02:02

Health: -4/24      AC:  6    Str: 16    XL:     2   Next: 75%
Magic:  2/2        EV:  8    Int:  9    God:
Gold:   53         SH:  8    Dex: 12    Spells: 1/1 levels left

rFire   . . .      SeeInvis .   k - +2 dagger (vamp)
rCold   . . .      Faith    .   c - +0 buckler
rNeg    . . .      Spirit   .   b - +0 scale mail
rPois   .          Reflect  .   (no helmet)
rElec   .          Harm     .   (no cloak)
rCorr   .          Rampage  .   (no gloves)
Will    .....                   (no boots)
Stlth   ..........              (no amulet)
HPRegen 0.08/turn               (no ring)
MPRegen 0.08/turn               (no ring)

@: no status effects
A: large bone plates 1
a: no special abilities


You were on level 2 of the Dungeon.
You visited 1 branch of the dungeon, and saw 2 of its levels.

You collected 53 gold pieces.

Inventory:

Hand Weapons
 a - a +0 rapier
 k - a +2 vampiric dagger (weapon)
Armour
 b - a +0 scale mail (worn)
 c - a +0 buckler (worn)
Potions
 d - a potion of might
 f - a potion of invisibility {unknown}
 g - a potion of resistance {unknown}
 h - a potion of berserk rage {unknown}
 i - a potion of haste {unknown}


   Skills:
 + Level 3.3 Fighting
 * Level 2.6 Short Blades
 - Level 2.6 Armour
 + Level 2.7 Shields


You had one spell level left.
You didn't know any spells.
Your spell library was empty.

Dungeon Overview and Level Annotations

Branches:
Dungeon (2/15)

Altars:
Makhleb


Innate Abilities, Weirdness & Mutations

You are partially covered in large bone plates. (SH +4)


Message History

You are too injured to fight recklessly!
You are too injured to fight recklessly!
You are too injured to fight recklessly!
You are too injured to fight recklessly!
You are too injured to fight recklessly!
You are too injured to fight recklessly!
You are too injured to fight recklessly!
You are too injured to fight recklessly!
You are too injured to fight recklessly!
You are too injured to fight recklessly!
You are too injured to fight recklessly!
You block the gnoll's attack. The gnoll attacks as you move away!
The gnoll barely misses you.
You hit the gnoll. You block the gnoll's attack.
The gnoll shouts!
You hit the gnoll.
The gnoll hits you with a +0 vorpal flail.
You hit the gnoll.
The gnoll hits you with a +0 vorpal flail!
* * * LOW HITPOINT WARNING * * *
x2
As you read the scroll labelled CAETRU NEVIOT, it crumbles to dust.
It is a scroll of identify.
j - 2 potions of curing The gnoll hits you from afar with a +0 halberd.
* * * LOW HITPOINT WARNING * * *
The gnoll closely misses you.
You feel better. The gnoll barely misses you.
The gnoll hits you from afar with a +0 halberd!
* * * LOW HITPOINT WARNING * * *
You feel better. You block the gnoll's attack. x2
You hit the gnoll but do no damage.
The gnoll hits you with a +0 vorpal flail.
* * * LOW HITPOINT WARNING * * *
x2 The gnoll hits you from afar with a +0 halberd.
* * * LOW HITPOINT WARNING * * *
You barely miss the gnoll.
The gnoll hits you with a +0 vorpal flail.
* * * LOW HITPOINT WARNING * * *
x2 The gnoll hits you from afar with a +0 halberd.
You die...

.<..# #.###.#
#.#.##.# #.#.#
#.....# #.#..# #
..#.# #######
#.##.#.# .##.#
#.##.#.# . #.#
#......# . ..#
###### ####.### .
#..... ######.###
.
#.....##.....)..#
#.....$#.#@##.#.#
#.....†..#g##.#.#
#..#..†..#gg..#.#
#........#g##.#.#
##.....#........#
##..g####.######
##g# #.# #. ..#
.. ####


You could see 4 gnolls.

Vanquished Creatures
  An orc (D:2)
  A goblin (D:1)
  A hobgoblin (D:1)
  2 jackals (D:1)
  4 kobolds
  2 quokkas
  2 ball pythons
  4 bats
  3 frilled lizards (D:1)
20 creatures vanquished.

Notes
Turn   | Place    | Note
-------+----------+-------------------------------------------
     0 | D:1      | ILmort the Demonspawn Fighter began the quest for the Orb.
     0 | D:1      | Reached XP level 1. HP: 18/18 MP: 1/1
   586 | D:1      | Gained mutation: You are partially covered in large bone
                  | plates. (SH +4) [demonic ancestry]
   586 | D:1      | Reached XP level 2. HP: 21/24 MP: 2/2
   996 | D:1      | Found a burning altar of Makhleb.
  1190 | D:2      | HP: 1/24 [gnoll/+0 vorpal flail (1)]
  1190 | D:2      | Slain by a gnoll

Illustrated notes

Levels and vault maps discovered:
D:1:      dpeg_arrival_water_altar, layout_loops_corners
D:2:      layout_loops_cross, basic_altar

Skill      XL: |  1 |
---------------+----+-----
Short Blades   | 2 |  2.6
Fighting       | |  3.3
Armour         | |  2.6
Shields        | |  2.7

Action                   || total
-------------------------++-------
Melee: Rapier            ||    64
       Dagger            ||    13
  Use: Potion            ||     2
       Scroll            ||     1
Armor: Scale mail        ||    32
Dodge: Dodged            ||    30
Block: Buckler           ||    31
